[Event "Titled Tuesday Blitz March 14 Late 2023"]
[White "Melikhov, Evgeny V."]
[Black "Fus, Jakub"]
[WhiteFideId "4122046"]
[BlackFideId "1193023"]
[WhiteElo "2158"]
[BlackElo "2335"]
[Result "0-1"]
[Round "01"]
[TimeControl "180+1"]
[Date "2023.03.14"]
[WhiteClock "0:00:01"]
[BlackClock "0:00:08"]

1. d4 e6 2. c4 Nf6 3. Nc3 d5 4. cxd5 exd5 5. Bg5 c6 6. Qc2 Bd6 7. e3 O-O 8. Bd3 h6 9. Bh4 Re8 10. Nge2 a5 11. h3 Na6 12. a3 Nc7 13. O-O Ne6 14. f4 Be7 15. Ng3 g5 16. fxg5 hxg5 17. Nf5 gxh4 18. Qf2 Ng7 19. Nh6+ Kf8 20. Qxh4 Be6 21. Qf4 Qb8 22. Qf2 Ngh5 23. Ne2 Kg7 24. Nf5+ Bxf5 25. Qxf5 Rh8 26. Rf3 Kf8 27. Raf1 Qc8 28. Qg5 Qe6 29. g4 Ke8 30. Bf5 Qd6 31. Kh1 Rg8 32. Qh6 Ng7 33. Bh7 Rh8 34. Qxg7 Rxh7 35. Qg5 Kd7 36. Ng3 Rxh3+ 0-1


[Site "https://www.chess.com"]

[Event "Titled Tuesday Blitz March 14 Late 2023"]
[White "Melikyan, Gnel"]
[Black "Hartikainen, Jarmo"]
[WhiteFideId "54109990"]
[BlackFideId "503134"]
[WhiteElo "2138"]
[BlackElo "2183"]
[Result "1-0"]
[Round "01"]
[TimeControl "180+1"]
[Date "2023.03.14"]
[WhiteClock "0:00:14"]
[BlackClock "0:00:04"]

1. Nh3 e5 2. d4 d6 3. dxe5 Bxh3 4. gxh3 dxe5 5. Qxd8+ Kxd8 6. Bg2 c6 7. O-O Bc5 8. Nc3 f5 9. b3 Nf6 10. Bb2 Nbd7 11. Rad1 Kc7 12. e3 Rad8 13. Rd2 Nb6 14. Rfd1 Rxd2 15. Rxd2 Rd8 16. Rxd8 Kxd8 17. a4 Nbd7 18. Kf1 Ke7 19. Ke2 Ke6 20. Nb1 Nd5 21. Nd2 Bb4 22. Nc4 g6 23. h4 h5 24. Bh1 N5b6 25. Nd2 Bxd2 26. Kxd2 Nd5 27. a5 N7f6 28. c4 Nc7 29. h3 Nce8 30. Kd3 Nd6 31. Ba3 Nfe4 32. Ke2 Nc3+ 33. Kd2 Nce4+ 34. Ke1 f4 35. exf4 exf4 36. Bf3 Kf5 37. Bd1 Nc3 38. Bc2+ Ke6 39. Bxg6 Nf5 40. Bxh5 Nxh4 41. Bg4+ Ke5 42. Bb2 Kd4 43. Kd2 Ng2 44. Bxc3+ Kc5 45. Bf6 Kd6 46. Bf3 Ke6 47. Bd8 Ne3 48. fxe3 fxe3+ 49. Kxe3 Kd7 50. Bf6 Ke6 51. Bc3 Kf5 52. h4 Kg6 53. h5+ Kh6 54. Kf4 c5 55. Kf5 b6 56. Kf6 bxa5 57. Bd2+ Kh7 58. Kf7 a4 59. Be4+ Kh8 60. Bc3# 1-0


[Site "https://www.chess.com"]

[Event "Titled Tuesday Blitz March 14 Late 2023"]
[White "Mendez Fortes, Eduardo Jesus"]
[Black "Lorenzo De La Riva, Lazaro"]
[WhiteFideId "3502376"]
[BlackFideId "2268809"]
[WhiteElo "2307"]
[BlackElo "2294"]
[Result "1-0"]
[Round "01"]
[TimeControl "180+1"]
[Date "2023.03.14"]
[WhiteClock "0:00:19"]
[BlackClock "0:00:04"]

1. e4 c5 2. Nf3 e6 3. d4 cxd4 4. Nxd4 Nf6 5. Nc3 Nc6 6. Ndb5 Bc5 7. Bf4 O-O 8. Bc7 Qe7 9. Bd6 Bxd6 10. Qxd6 Qd8 11. Nc7 Rb8 12. Be2 b5 13. e5 Ne8 14. Nxe8 Rxe8 15. O-O a6 16. a4 b4 17. Ne4 Qh4 18. f4 Qd8 19. Qc5 Rf8 20. Rfd1 Qc7 21. Bf3 Qa5 22. Qf2 Ne7 23. Nc5 Qc7 24. Ne4 Nd5 25. g3 f6 26. exf6 Nxf6 27. Nd6 g5 28. fxg5 Ng4 29. Qd4 Nxh2 30. Kxh2 Rxf3 31. Ne4 Bb7 32. Nf6+ Kf8 33. Nxd7+ Ke7 34. Ne5 Rf5 35. Qxb4+ Ke8 36. Ng4 Rxg5 37. Nf6+ Kf7 38. Rd7+ Qxd7 39. Nxd7 Rh5+ 40. Kg1 Rh1+ 41. Kf2 Rh2+ 42. Ke3 Rc8 43. Ne5+ Kf6 44. Ng4+ 1-0


[Site "https://www.chess.com"]

[Event "Titled Tuesday Blitz March 14 Late 2023"]
[White "Meunier-Pion, Jean"]
[Black "Gorodetzky, David"]
[WhiteFideId "20685327"]
[BlackFideId "2813416"]
[WhiteElo "2124"]
[BlackElo "2484"]
[Result "0-1"]
[Round "01"]
[TimeControl "180+1"]
[Date "2023.03.14"]
[WhiteClock "0:00:02"]
[BlackClock "0:01:25"]

1. e4 c5 2. Nf3 d6 3. d4 cxd4 4. Nxd4 Nf6 5. Nc3 g6 6. Be3 Bg7 7. f3 O-O 8. Qd2 Nc6 9. O-O-O d5 10. exd5 Nxd5 11. Nxc6 bxc6 12. Bd4 e5 13. Bc5 Be6 14. Ne4 Qc7 15. Bxf8 Rxf8 16. c4 f5 17. Ng5 Bh6 18. cxd5 Bxd5 19. Kb1 Rb8 20. h4 e4 21. fxe4 fxe4 22. Rc1 Qe5 23. Bc4 Bg7 24. Bxd5+ cxd5 25. Rc2 h6 26. Rd1 d4 27. Nxe4 Qxe4 28. Qd3 Qg4 29. Qf3 Qxh4 30. Rf1 Qe7 31. Qd5+ Kh8 32. Rf7 Qe1+ 33. Rc1 Qd2 34. Rb7 Qd3+ 35. Ka1 Rxb7 36. Qxb7 Qe3 37. Qc8+ Kh7 38. Qc7 d3 39. Rd1 Qe2 40. Qc1 Bxb2+ 0-1


[Site "https://www.chess.com"]

[Event "Titled Tuesday Blitz March 14 Late 2023"]
[White "Michalski, Olaf"]
[Black "Ismagilov, Damir"]
[WhiteFideId "1106740"]
[BlackFideId "34199982"]
[WhiteElo "2173"]
[BlackElo "2078"]
[Result "0-1"]
[Round "01"]
[TimeControl "180+1"]
[Date "2023.03.14"]
[WhiteClock "0:00:20"]
[BlackClock "0:01:12"]

1. d4 Nf6 2. c4 e6 3. Nf3 d5 4. Nc3 dxc4 5. e3 a6 6. a4 b6 7. Bxc4 Bb7 8. O-O Bb4 9. Qe2 O-O 10. e4 Bxc3 11. bxc3 Nxe4 12. Bb2 Nd7 13. a5 b5 14. Bd3 Nd6 15. Ba3 Rc8 16. Ne5 Nf6 17. f3 Nd5 18. Qd2 Re8 19. Rfe1 Qh4 20. g3 Qh5 21. Rf1 Nf6 22. Rae1 Rcd8 23. Bc5 Nd5 24. Qc2 Qh6 25. f4 Nf6 26. f5 Nxf5 27. Bxf5 exf5 28. Qxf5 Qd2 29. Ng4 Qg2# 0-1


[Site "https://www.chess.com"]

[Event "Titled Tuesday Blitz March 14 Late 2023"]
[White "Miszler, Levente"]
[Black "Kravtsiv, Martyn"]
[WhiteFideId "763276"]
[BlackFideId "14113147"]
[WhiteElo "2176"]
[BlackElo "2695"]
[Result "0-1"]
[Round "01"]
[TimeControl "180+1"]
[Date "2023.03.14"]
[WhiteClock "0:02:12"]
[BlackClock "0:02:09"]

1. Nf3 d5 2. c4 d4 3. e3 c5 4. exd4 cxd4 5. b4 g6 6. Bb2 Bg7 7. d3 e5 8. Nbd2 Ne7 9. g3 a5 10. a3 O-O 11. Bg2 Bf5 12. Nb3 axb4 13. axb4 Rxa1 14. Bxa1 Nbc6 15. Qd2 Qa8 16. O-O Qa3 17. Nc5 Qxb4 18. Qxb4 Nxb4 19. Nd7 Bxd7 0-1


[Site "https://www.chess.com"]

[Event "Titled Tuesday Blitz March 14 Late 2023"]
[White "Nazaretyan, Tigran"]
[Black "Erigaisi Arjun"]
[WhiteFideId "24162345"]
[BlackFideId "35009192"]
[WhiteElo "2111"]
[BlackElo "2737"]
[Result "0-1"]
[Round "01"]
[TimeControl "180+1"]
[Date "2023.03.14"]
[WhiteClock "0:00:38"]
[BlackClock "0:02:37"]

1. d4 d6 2. Nf3 g6 3. c4 Bg7 4. Nc3 Nc6 5. e3 e5 6. Be2 Nge7 7. O-O O-O 8. b3 exd4 9. exd4 Nf5 10. Be3 Nxe3 11. fxe3 Re8 12. Qd3 Bf5 13. e4 Bg4 14. d5 Bxf3 15. gxf3 Qg5+ 16. Kh1 Nb4 17. f4 Nxd3 18. fxg5 Bxc3 19. Bxd3 Bxa1 20. Rxa1 Kg7 21. Rf1 Re5 22. h4 a5 23. Kg2 a4 24. b4 a3 25. Kf3 h6 26. gxh6+ Kxh6 27. Kg4 Kg7 28. c5 Ra4 29. cxd6 cxd6 30. Rb1 Re7 31. Bb5 Rxe4+ 32. Kg3 Raxb4 33. Rxb4 Rxb4 34. Bd7 Rb2 35. Bc8 Rxa2 36. Bxb7 Rd2 0-1


[Site "https://www.chess.com"]

[Event "Titled Tuesday Blitz March 14 Late 2023"]
[White "O`Gorman, Tom"]
[Black "Dylag, Emilia"]
[WhiteFideId "2508249"]
[BlackFideId "21805172"]
[WhiteElo "2271"]
[BlackElo "1878"]
[Result "1-0"]
[Round "01"]
[TimeControl "180+1"]
[Date "2023.03.14"]
[WhiteClock "0:00:29"]
[BlackClock "0:00:07"]

1. e4 e5 2. Nf3 Nc6 3. Nc3 Nf6 4. Be2 Be7 5. d4 exd4 6. Nxd4 O-O 7. Nxc6 dxc6 8. e5 Nd5 9. Ne4 Bf5 10. Ng3 Bg6 11. O-O Nb4 12. c3 Nc2 13. Rb1 Na3 14. Ra1 Nc2 15. f4 Bc5+ 16. Kh1 Qxd1 17. Bxd1 Nxa1 18. f5 Rad8 19. b4 Bb6 20. Bb2 Rd2 21. Bxa1 Rxa2 22. fxg6 Rxa1 23. gxh7+ Kh8 24. e6 f6 25. Bh5 Rxf1+ 26. Nxf1 Kxh7 27. e7 Rc8 28. e8=Q Rxe8 29. Bxe8 c5 30. b5 Ba5 31. c4 Bc3 32. Ne3 Bd4 33. Nd5 c6 34. bxc6 bxc6 35. Bxc6 g5 36. g3 Kg6 37. Kg2 Kf5 38. Kf3 g4+ 39. Kg2 Ke5 40. Bd7 Bb2 41. Bxg4 Kd4 42. Be2 a5 43. Nb6 1-0


[Site "https://www.chess.com"]

[Event "Titled Tuesday Blitz March 14 Late 2023"]
[White "Osmak, Yuliia"]
[Black "Daneshvar, Bardiya"]
[WhiteFideId "14101602"]
[BlackFideId "12576468"]
[WhiteElo "2271"]
[BlackElo "2468"]
[Result "0-1"]
[Round "01"]
[TimeControl "180+1"]
[Date "2023.03.14"]
[WhiteClock "0:00:10"]
[BlackClock "0:00:08"]

1. d4 b6 2. e4 Bb7 3. Bd3 Nf6 4. Qe2 Nc6 5. Nf3 Nb4 6. Nc3 Nxd3+ 7. Qxd3 e6 8. O-O Be7 9. Bg5 h6 10. Bh4 O-O 11. Rfe1 d5 12. e5 Ne4 13. Bxe7 Qxe7 14. Nd2 Ba6 15. Qxa6 Nxd2 16. Rad1 Nc4 17. b3 Na5 18. Ne2 c5 19. c3 Qb7 20. Qd3 c4 21. Qc2 Qe7 22. b4 Nc6 23. a4 f5 24. exf6 Qxf6 25. Ng3 Rae8 26. Re2 e5 27. dxe5 Nxe5 28. Rxd5 Nd3 29. Ne4 Rxe4 30. Rxe4 Nxf2 31. Re1 Nd3 32. Rd1 Nf2 33. Rb1 Qe6 34. Rd2 Nd3 35. Re2 Qd5 36. h3 a5 37. b5 Qc5+ 38. Kh1 Nf2+ 39. Kh2 Qd6+ 40. Kg1 Nd3 41. Kh1 Qg3 42. Rg1 Rf2 43. Rxf2 Nxf2+ 44. Qxf2 Qxf2 45. Rd1 Qc2 46. Rd8+ Kh7 47. Rd6 Qxc3 48. Rxb6 Qe1+ 49. Kh2 Qe5+ 50. Kh1 Qa1+ 51. Kh2 Qxa4 52. Rb8 c3 53. b6 Qf4+ 0-1


[Site "https://www.chess.com"]

[Event "Titled Tuesday Blitz March 14 Late 2023"]
[White "Ozen, Bahadir"]
[Black "Goncalves, Davi Sulzbacher"]
[WhiteFideId "6337058"]
[BlackFideId "2154510"]
[WhiteElo "2503"]
[BlackElo "2182"]
[Result "1-0"]
[Round "01"]
[TimeControl "180+1"]
[Date "2023.03.14"]
[WhiteClock "0:01:35"]
[BlackClock "0:00:01"]

1. d4 Nf6 2. Nf3 g6 3. e3 Bg7 4. Be2 O-O 5. O-O b6 6. c4 Bb7 7. b3 d5 8. Bb2 a5 9. Nbd2 a4 10. bxa4 Qe8 11. cxd5 Bxd5 12. Bb5 c6 13. Bd3 c5 14. Bb5 Bc6 15. Qb3 Na6 16. Ne5 Bd5 17. Bxe8 Bxb3 18. Bc6 Be6 19. Bxa8 Rxa8 20. Ndc4 Nd5 21. Rfd1 Nab4 22. a3 Bxe5 23. Nxe5 Na6 24. Rac1 f6 25. Nc4 Nac7 26. a5 b5 27. Nb6 Rxa5 28. Nxd5 Nxd5 29. dxc5 Kf7 30. c6 Ra7 31. e4 Nc7 32. f3 Ke8 33. Kf2 Ra6 34. Ke3 Bc4 35. h4 Ne6 36. h5 gxh5 37. Rh1 Ng7 38. c7 Rc6 39. a4 Rxc7 40. axb5 Rc8 41. b6 Ba6 42. Rxc8+ Bxc8 43. Rc1 Kd8 44. Rd1+ Ke8 45. Ba3 Ne6 46. Rh1 Ng7 47. Rc1 Kd8 48. Rc7 Bd7 49. Ra7 Ne6 50. Ra8+ Bc8 51. b7 1-0


[Site "https://www.chess.com"]

[Event "Titled Tuesday Blitz March 14 Late 2023"]
[White "Papayan, Oleg"]
[Black "Deac, Bogdan-Daniel"]
[WhiteFideId "4193911"]
[BlackFideId "1226380"]
[WhiteElo "2153"]
[BlackElo "2649"]
[Result "0-1"]
[Round "01"]
[TimeControl "180+1"]
[Date "2023.03.14"]
[WhiteClock "0:00:03"]
[BlackClock "0:00:26"]

1. e4 c6 2. Nc3 d5 3. Nf3 a6 4. d4 Bg4 5. h3 Bh5 6. g4 Bg6 7. Bd3 e6 8. Ne5 Nf6 9. Nxg6 hxg6 10. e5 Nfd7 11. Ne2 c5 12. c3 Nc6 13. f4 cxd4 14. cxd4 Qb6 15. f5 gxf5 16. gxf5 Nxd4 17. Be3 Nc2+ 18. Qxc2 Qxe3 19. fxe6 Bb4+ 20. Kd1 fxe6 21. Bg6+ Kd8 22. a3 Ba5 23. b4 Rc8 24. Qa4 Bb6 25. Rf1 Nxe5 26. Bc2 Nc4 0-1


[Site "https://www.chess.com"]

[Event "Titled Tuesday Blitz March 14 Late 2023"]
[White "Paravyan, David"]
[Black "Petukhov, Dmitry"]
[WhiteFideId "4194985"]
[BlackFideId "4142748"]
[WhiteElo "2577"]
[BlackElo "2311"]
[Result "1-0"]
[Round "01"]
[TimeControl "180+1"]
[Date "2023.03.14"]
[WhiteClock "0:01:23"]
[BlackClock "0:00:36"]

1. e4 c5 2. Nf3 d6 3. d4 cxd4 4. Nxd4 Nf6 5. Nc3 Nc6 6. Bg5 Bd7 7. Nxc6 Bxc6 8. Bxf6 gxf6 9. Bb5 Bg7 10. O-O O-O 11. Bxc6 bxc6 12. Ne2 f5 13. exf5 Bxb2 14. Rb1 Be5 15. Rb3 Kh8 16. Nd4 Qd7 17. Rh3 Rg8 18. Qh5 Rg7 19. f6 Bxf6 20. Nf5 Rag8 21. Nxg7 Rxg7 22. Rg3 Qe6 23. Rb1 Qc8 24. Qf5 Qg8 25. Rxg7 Kxg7 26. Qg4+ Kh8 27. Qxg8+ Kxg8 28. Rb7 a5 29. Ra7 Kg7 30. Rxa5 Bc3 31. Ra8 Kf6 32. a4 Ke6 33. a5 Kd7 34. a6 Kc7 35. Ra7+ 1-0


[Site "https://www.chess.com"]

[Event "Titled Tuesday Blitz March 14 Late 2023"]
[White "Peatman, Carter"]
[Black "Adewumi, Tanitoluwa"]
[WhiteFideId "2096480"]
[BlackFideId "30966396"]
[WhiteElo "2003"]
[BlackElo "2801"]
[Result "0-1"]
[Round "01"]
[TimeControl "180+1"]
[Date "2023.03.14"]
[WhiteClock "0:00:07"]
[BlackClock "0:00:14"]

1. d4 Nf6 2. Bf4 e6 3. e3 b6 4. Nf3 Bb7 5. h3 c5 6. c3 Nc6 7. Nbd2 d5 8. Ne5 Bd6 9. Ndf3 O-O 10. Bd3 Ne4 11. O-O Nxe5 12. Bxe5 Bxe5 13. Nxe5 f6 14. Nf3 Re8 15. Qc2 Rc8 16. Rfd1 Qc7 17. a4 a5 18. Nd2 Nxd2 19. Rxd2 g6 20. Rad1 e5 21. Bb5 Red8 22. dxe5 fxe5 23. Qd3 Kg7 24. Qe2 Qe7 25. Qg4 Qf6 26. h4 Rc7 27. h5 Qf5 28. Qxf5 gxf5 29. f3 Kf6 30. Kf2 Rg7 31. Rh1 h6 32. Be2 Rdg8 33. Bf1 Rg5 34. Rd1 Bc6 35. b3 f4 36. e4 d4 37. cxd4 cxd4 38. Rh2 Be8 39. Rc1 Bd7 40. Rc7 Ke7 41. Bb5 Rd8 42. Rh1 Kd6 43. Rb7 Bxb5 44. axb5 Kc5 45. Rh7 Rd6 46. Rxh6 Rxh6 0-1


[Site "https://www.chess.com"]

[Event "Titled Tuesday Blitz March 14 Late 2023"]
[White "Perez Rodriguez, Jennifer"]
[Black "Oro, Faustino"]
[WhiteFideId "3507831"]
[BlackFideId "20000197"]
[WhiteElo "2170"]
[BlackElo "1984"]
[Result "0-1"]
[Round "01"]
[TimeControl "180+1"]
[Date "2023.03.14"]
[WhiteClock "0:00:14"]
[BlackClock "0:00:43"]

1. e4 e5 2. Nf3 Nc6 3. Bb5 a6 4. Ba4 Nf6 5. d3 b5 6. Bb3 Be7 7. Nc3 O-O 8. Nd5 d6 9. c3 Be6 10. O-O Na5 11. Nxe7+ Qxe7 12. Bc2 Bg4 13. h3 Bh5 14. Bg5 h6 15. Bxf6 Qxf6 16. g4 Bg6 17. b4 Nc6 18. a4 Ne7 19. Bb3 Bh7 20. Nh2 Ng6 21. Qf3 Nf4 22. Rfe1 Kh8 23. a5 c5 24. Rad1 Rfc8 25. Rc1 Qg5 26. Rc2 cxb4 27. cxb4 Rxc2 28. Bxc2 Rc8 29. Bb3 Bg6 30. Rd1 Rc3 31. Ba2 Qh4 32. Qg3 Ne2+ 0-1


[Site "https://www.chess.com"]

[Event "Titled Tuesday Blitz March 14 Late 2023"]
[White "Piesik, Piotr"]
[Black "Harris, Ian"]
[WhiteFideId "1136194"]
[BlackFideId "2020092"]
[WhiteElo "2311"]
[BlackElo "2329"]
[Result "1-0"]
[Round "01"]
[TimeControl "180+1"]
[Date "2023.03.14"]
[WhiteClock "0:01:17"]
[BlackClock "0:00:07"]

1. Nf3 Nf6 2. g3 g6 3. Bg2 Bg7 4. O-O O-O 5. d4 d6 6. Nbd2 Nbd7 7. e4 e5 8. dxe5 dxe5 9. Qe2 c6 10. a4 Re8 11. b3 Qc7 12. Bb2 a5 13. Rfd1 b6 14. Qe1 Ba6 15. Bf1 Bxf1 16. Kxf1 Nc5 17. Qe3 Rad8 18. Kg2 Rd7 19. Ba3 Ne6 20. Nc4 Nd4 21. Rac1 Nxf3 22. Qxf3 c5 23. Rxd7 Nxd7 24. Rd1 Nb8 25. Nd6 Re6 26. Nb5 Qe7 27. Bc1 Nc6 28. c3 h6 29. h4 Kh7 30. h5 Rf6 31. Qg4 Qe6 32. Qxe6 Rxe6 33. Rd7 Kg8 34. Rb7 Nd8 35. Rb8 Bf6 36. hxg6 fxg6 37. Nc7 Rd6 38. Ne8 Rd1 39. Nxf6+ Kf7 40. Nd5 Ne6 41. Bxh6 1-0


[Site "https://www.chess.com"]

[Event "Titled Tuesday Blitz March 14 Late 2023"]
[White "Poltorak, Sebastian"]
[Black "Fedoseev, Vladimir"]
[WhiteFideId "1199498"]
[BlackFideId "24130737"]
[WhiteElo "2195"]
[BlackElo "2752"]
[Result "0-1"]
[Round "01"]
[TimeControl "180+1"]
[Date "2023.03.14"]
[WhiteClock "0:00:19"]
[BlackClock "0:00:27"]

1. e4 c6 2. Nc3 d5 3. Nf3 Bg4 4. h3 Bxf3 5. Qxf3 e6 6. Be2 g6 7. h4 h5 8. g4 hxg4 9. Qxg4 Nf6 10. Qg2 Nbd7 11. d3 Bb4 12. Bd2 d4 13. Nb1 Qb6 14. c3 Bc5 15. b3 dxc3 16. Bxc3 Bd4 17. Qg5 Bxf2+ 18. Kd1 Be3 19. Qg3 Bd4 20. Rf1 O-O-O 21. Qg5 Nh7 22. Qg3 Ne5 23. Kc2 f5 24. exf5 gxf5 25. Bxd4 Qxd4 26. Nc3 Nf6 27. Qf4 Qxf4 28. Rxf4 Ng6 29. Ra4 Rxh4 30. Rxa7 Kb8 31. Ra5 Rh2 32. Rg1 Nf4 33. Kd1 Ne4 34. Nxe4 Nxe2 35. Re1 Rxd3+ 36. Kc2 fxe4 0-1


[Site "https://www.chess.com"]

[Event "Titled Tuesday Blitz March 14 Late 2023"]
[White "Pranav, V"]
[Black "Sonnenschein, Philipp"]
[WhiteFideId "25060783"]
[BlackFideId "16250877"]
[WhiteElo "2500"]
[BlackElo "2224"]
[Result "1-0"]
[Round "01"]
[TimeControl "180+1"]
[Date "2023.03.14"]
[WhiteClock "0:00:05"]
[BlackClock "0:00:08"]

1. e4 c6 2. Nf3 d5 3. Nc3 Bg4 4. h3 Bxf3 5. Qxf3 e6 6. d3 Nd7 7. Bd2 Bc5 8. Qg3 Qf6 9. Be2 Ne7 10. Rf1 Ng6 11. f4 O-O 12. O-O-O Qe7 13. f5 exf5 14. exf5 Nge5 15. Bh6 f6 16. d4 Bd6 17. dxe5 Bxe5 18. Qg4 Bxc3 19. bxc3 Ne5 20. Qg3 Qa3+ 21. Kd2 Rf7 22. Bf4 Nc4+ 23. Bxc4 dxc4 24. Ke2 Qc5 25. Be3 Qa5 26. Rd2 Re8 27. Kf2 Qxc3 28. Bf4 Qb4 29. Kg1 Rfe7 30. Kh2 Qb5 31. Bd6 Re3 32. Qf2 c3 33. Rdd1 Re2 34. Qg3 Rxc2 35. Bc7 Ree2 36. Rg1 Rcd2 37. Qxc3 Qd5 38. Rxd2 Rxd2 39. Qb4 h5 40. Bg3 h4 41. Qxh4 Rd4 42. Qh5 Qe4 43. Re1 Qd5 44. Re8# 1-0


[Site "https://www.chess.com"]

[Event "Titled Tuesday Blitz March 14 Late 2023"]
[White "Quinones Garcia, Santiago"]
[Black "Rustemov, Alexander"]
[WhiteFideId "4408497"]
[BlackFideId "4119002"]
[WhiteElo "2263"]
[BlackElo "2937"]
[Result "0-1"]
[Round "01"]
[TimeControl "180+1"]
[Date "2023.03.14"]
[WhiteClock "0:00:04"]
[BlackClock "0:01:17"]

1. d4 d5 2. c4 c6 3. Nf3 Nf6 4. e3 Bf5 5. Nc3 e6 6. Nh4 Be4 7. f3 Bg6 8. Nxg6 hxg6 9. Qb3 Qc7 10. g3 Nbd7 11. Bd2 Nb6 12. cxd5 exd5 13. O-O-O O-O-O 14. Kb1 Kb8 15. Bg2 Nc4 16. Bc1 Qa5 17. e4 Bb4 18. Bf1 Bxc3 19. Qxc3 Qxc3 20. bxc3 b5 21. Bxc4 bxc4 22. h4 dxe4 23. Bf4+ Kb7 24. Kc2 exf3 25. Rhf1 Nd5 26. Rb1+ Ka8 27. Rxf3 Rhe8 28. Kd2 f6 29. Rff1 Rd7 30. Rb2 Rb7 31. Rxb7 Kxb7 32. Rb1+ Ka6 33. Rf1 Re4 34. Rf2 Kb5 35. Rf1 Ka4 36. Rf2 a5 37. Rf1 Ka3 38. Bd6+ Kxa2 39. Rc1 a4 40. Rc2+ Kb3 41. Rc1 Re6 42. Bc5 Re3 43. Rb1+ Ka2 44. Rg1 Rd3+ 45. Ke2 Nxc3+ 46. Kf2 a3 47. Rg2 Rd2+ 48. Kf3 Rxg2 49. Kxg2 Kb3 50. Bxa3 Kxa3 51. Kf3 Nd5 52. g4 c3 53. h5 gxh5 54. gxh5 0-1


[Site "https://www.chess.com"]

[Event "Titled Tuesday Blitz March 14 Late 2023"]
[White "Riff, Vincent"]
[Black "Campelo, Leandro Fabricio"]
[WhiteFideId "617776"]
[BlackFideId "2103346"]
[WhiteElo "2369"]
[BlackElo "2070"]
[Result "1-0"]
[Round "01"]
[TimeControl "180+1"]
[Date "2023.03.14"]
[WhiteClock "0:00:45"]
[BlackClock "0:00:19"]

1. e4 c5 2. Nc3 e6 3. Nf3 Nc6 4. Bb5 Nge7 5. O-O a6 6. Bxc6 Nxc6 7. d4 cxd4 8. Nxd4 Bc5 9. Nxc6 bxc6 10. Qh5 Be7 11. e5 O-O 12. Bf4 c5 13. Rad1 Bb7 14. Rd3 f5 15. Rh3 h6 16. Bxh6 Qe8 17. Qxe8 Rfxe8 18. Bf4 Bc6 19. b3 a5 20. a4 Rab8 21. Rg3 c4 22. bxc4 Rb2 23. Rc1 Reb8 24. Nb5 Ra2 25. Nc3 Rab2 26. Bd2 R8b4 27. Rd3 Rxc4 28. h3 Bb4 29. Nd1 Bxd2 30. Nxb2 Bxc1 31. Nxc4 Bxa4 32. Nxa5 Bb2 33. Nc4 Ba1 34. Ra3 Bb5 35. Nd6 Bb2 36. Nxb5 Bxa3 37. Nxa3 Kf7 38. Nc4 Ke7 39. f4 1-0


[Site "https://www.chess.com"]

[Event "Titled Tuesday Blitz March 14 Late 2023"]
[White "Rios Escobar, Adan"]
[Black "Avila Pavas, Santiago"]
[WhiteFideId "3403645"]
[BlackFideId "4437128"]
[WhiteElo "2379"]
[BlackElo "2365"]
[Result "0-1"]
[Round "01"]
[TimeControl "180+1"]
[Date "2023.03.14"]
[WhiteClock "0:00:02"]
[BlackClock "0:00:20"]

1. d4 Nf6 2. g3 d5 3. Nf3 e6 4. c4 dxc4 5. Bg2 Bb4+ 6. Nbd2 b5 7. a4 c6 8. axb5 cxb5 9. Ne5 Nd5 10. e4 Nb6 11. Qh5 O-O 12. O-O Bb7 13. Ndf3 f6 14. Bh3 Qe8 15. Qh4 Nc6 16. Ng4 c3 17. Rd1 Nc4 18. bxc3 Bxc3 19. Rb1 a6 20. d5 exd5 21. exd5 N6e5 22. Nh6+ gxh6 23. Be6+ Kh8 24. Nd4 Bxd4 25. Qxh6 Qg6 26. Rxd4 Qxb1 27. Rh4 Nf3+ 28. Kg2 Nxh4+ 29. Kh3 Qg6 30. Qxh4 Rae8 31. Bf4 Bc8 0-1


[Site "https://www.chess.com"]

[Event "Titled Tuesday Blitz March 14 Late 2023"]
[White "Rohith Krishna S"]
[Black "Stelmaszyk, Nico"]
[WhiteFideId "46617051"]
[BlackFideId "16200462"]
[WhiteElo "2270"]
[BlackElo "2255"]
[Result "1/2-1/2"]
[Round "01"]
[TimeControl "180+1"]
[Date "2023.03.14"]
[WhiteClock "0:00:12"]
[BlackClock "0:00:20"]

1. e4 c5 2. Nf3 Nc6 3. d4 cxd4 4. Nxd4 Nf6 5. Nc3 e6 6. Bg5 Be7 7. Nxc6 bxc6 8. e5 Nd5 9. Bxe7 Qxe7 10. Nxd5 cxd5 11. c3 O-O 12. Be2 d6 13. exd6 Qxd6 14. O-O Ba6 15. Bxa6 Qxa6 16. Qd2 Rab8 17. f4 g6 18. Rf2 Rb6 19. b3 Rxb3 20. Raf1 Ra3 21. g4 Qc4 22. f5 Qxg4+ 23. Rg2 Qe4 24. f6 d4 25. Rg3 Qh4 26. Rf4 dxc3 27. Qc1 Qh6 28. Qe3 c2 29. Qxa3 Qxf4 30. Rc3 Qxf6 31. Rxc2 Qd4+ 32. Rf2 Qd1+ 33. Kg2 Qg4+ 34. Kf1 Rd8 35. Rb2 Rd1+ 36. Kf2 Qg1+ 37. Kf3 Rf1+ 38. Ke4 Qg4+ 39. Ke5 Qf5+ 40. Kd6 Rd1+ 41. Kc7 Qe5+ 42. Kb7 Rd7+ 43. Ka6 Qd5 44. Rb8+ Kg7 45. Qf8+ Kf6 46. Qh8+ Ke7 47. Qe8+ Kf6 48. Qh8+ Ke7 49. Qf8+ Kf6 50. Qh8+ 1/2-1/2


[Site "https://www.chess.com"]

[Event "Titled Tuesday Blitz March 14 Late 2023"]
[White "Rostomyan, Mikayel"]
[Black "Kostiukov, Alexandr"]
[WhiteFideId "13313754"]
[BlackFideId "14108100"]
[WhiteElo "2009"]
[BlackElo "2202"]
[Result "1-0"]
[Round "01"]
[TimeControl "180+1"]
[Date "2023.03.14"]
[WhiteClock "0:00:23"]
[BlackClock "0:00:01"]

1. d4 g6 2. Nf3 Bg7 3. b3 Nf6 4. Bb2 O-O 5. e3 d5 6. Be2 c5 7. O-O Nc6 8. dxc5 Qa5 9. a3 Qxc5 10. b4 Qb6 11. Nbd2 Rd8 12. Qc1 Bf5 13. c4 dxc4 14. Nxc4 Qc7 15. Nce5 Rac8 16. Nxc6 Qxc6 17. Qxc6 Rxc6 18. Nd4 Rcc8 19. Bf3 Be4 20. Rac1 a6 21. h3 e6 22. Nb3 Bxf3 23. gxf3 Nd5 24. Bxg7 Kxg7 25. Na5 b6 26. Nc6 Rd7 27. Nd4 Rdc7 28. Ra1 Nc3 29. f4 Kf6 30. a4 Rc4 31. b5 axb5 32. axb5 R8c5 33. Kg2 Nxb5 34. Nf3 Nc3 35. Ra7 Rc7 36. Ra8 Rc8 37. Ra6 b5 38. Ne5 R4c5 39. Nd7+ Kf5 40. Nxc5 Rxc5 41. Rc1 b4 42. Ra7 Kf6 43. Rb7 Rc4 44. Kf3 1-0


[Site "https://www.chess.com"]

[Event "Titled Tuesday Blitz March 14 Late 2023"]
[White "Sakun, Volodymyr"]
[Black "Kraus, Tomas"]
[WhiteFideId "14114062"]
[BlackFideId "331708"]
[WhiteElo "2331"]
[BlackElo "2389"]
[Result "1-0"]
[Round "01"]
[TimeControl "180+1"]
[Date "2023.03.14"]
[WhiteClock "0:01:06"]
[BlackClock "0:00:50"]

1. e4 e6 2. d4 d5 3. e5 c5 4. c3 Nc6 5. Nf3 Qb6 6. a3 Nh6 7. Bd3 cxd4 8. cxd4 Nf5 9. Bxf5 exf5 10. Nc3 Be6 11. O-O Be7 12. b4 O-O 13. Na4 Qd8 14. g3 h6 15. h4 Rc8 16. h5 Qd7 17. Bf4 Kh7 18. Rc1 g5 19. hxg6+ fxg6 20. Kg2 Rh8 21. Nc5 Bxc5 22. dxc5 Kg7 23. Qd2 Qe7 24. Rh1 a6 25. Bxh6+ Kf7 26. Bg5 Qd7 27. Bf6 Rxh1 28. Rxh1 1-0


[Site "https://www.chess.com"]

[Event "Titled Tuesday Blitz March 14 Late 2023"]
[White "Santos Ruiz, Miguel"]
[Black "Bochnicka, Vladimir"]
[WhiteFideId "22291482"]
[BlackFideId "14943450"]
[WhiteElo "2504"]
[BlackElo "2094"]
[Result "0-1"]
[Round "01"]
[TimeControl "180+1"]
[Date "2023.03.14"]
[WhiteClock "0:01:05"]
[BlackClock "0:00:04"]

1. d4 Nf6 2. Bf4 d5 3. e3 c5 4. c3 Nc6 5. Nd2 Bf5 6. Ngf3 c4 7. Ne5 e6 8. Nxc6 bxc6 9. Qa4 Qd7 10. b3 cxb3 11. axb3 Bd6 12. Be2 O-O 13. O-O Bxf4 14. exf4 Qd6 15. g3 c5 16. Qa6 Qc7 17. Qa5 Qxa5 18. Rxa5 cxd4 19. cxd4 Rfc8 20. Nf3 Rc2 21. Re1 h6 22. b4 Ne4 23. b5 Nc3 24. Bf1 Rb8 25. Ne5 Rb2 26. Nc6 Rb6 27. Nxa7 Bg4 28. Re3 Nd1 29. Rea3 Nxf2 30. Ra2 Rxa2 31. Rxa2 Ne4 32. Ra6 Rb7 33. b6 Nd6 34. Nb5 Nc8 35. Ra8 Rxb6 36. Rb8 Rxb8 37. Bd3 Nb6 38. Kf2 Bf5 39. Ke3 Bxd3 40. Kxd3 Nc4 0-1


[Site "https://www.chess.com"]